 Dungeon Crawl Stone Soup version 0.32-a0-630-g46d191b0ed (webtiles) character file.

Game seed: 18430995941392045240

6316 ezpacito the Chopper (level 10, -9/79 HPs)
             Began as a Coglin Chaos Knight on Mar 6, 2024.
             Was a Plaything of Xom.
             Mangled by Joseph
             ... wielding a +0 quarterstaff
              (11 damage)
             ... on level 10 of the Dungeon.
             The game lasted 00:14:10 (7824 turns).

ezpacito the Chopper (Coglin Chaos Knight)          Turns: 7824, Time: 00:14:10

Health: -9/79      AC: 14    Str: 17    XL:     10   Next: 95%
Magic:  15/15      EV: 14    Int: 12    God:    Xom [...*..]
Gold:   376        SH:  0    Dex: 13    Spells: 2/16 levels left

rFire   + + +        a - +1 hand axe (chaos) {Paramjit}
rCold   . . .        l - +2 trident (freeze) {Prasit}
rNeg    . . .        B - +4 robe "Sihuim" {rF+++}
rPois   .            y - +1 hat
rElec   .            P - +0 cloak
rCorr   .            H - +2 pair of gloves
SInv    .            f - +1 pair of boots {Fly}
Will    .....        (amulet unavailable)
Stlth   +++          (ring unavailable)
HPRegen 0.33/turn    (ring unavailable)
MPRegen 0.14/turn    (no gizmo)

%: no passive effects
@: flying, revving
A: off-hand wielding, slow wielding, warmup strikes, no jewellery, inability to
drink after injury 1, persistent drain
a: Invent Gizmo, Renounce Religion


You were on level 10 of the Dungeon.
You worshipped Xom.
You were a favourite toy of Xom.
You visited 2 branches of the dungeon, and saw 11 of its levels.

You collected 548 gold pieces.
You spent 172 gold pieces at shops.

Inventory:

Hand Weapons
 a - a +1 hand axe of chaos (weapon) {Paramjit}
 l - a +2 trident of freezing (offhand) {Prasit}
 C - a +0 war axe of venom
 G - a +2 whip of flaming
 Q - a +2 long sword of chaos
Missiles
 I - 4 throwing nets
 J - a curare-tipped dart
 K - 14 poisoned darts
 N - 7 boomerangs (quivered)
Armour
 f - a +1 pair of boots of flying (worn)
 y - a +1 hat (worn)
 z - a +2 scale mail of cold resistance
 B - the +4 robe "Sihuim" (worn) {rF+++}
   (You found it on level 5 of the Dungeon)

   rF+++:     It renders you almost immune to fire.
 H - a +2 pair of gloves (worn)
 P - a +0 cloak (worn)
Magical Staves
 r - a staff of air
Talismans
 o - a blade talisman
 u - a flux talisman
 A - a maw talisman
Wands
 v - a wand of polymorph (6)
 x - a wand of mindburst (16)
 O - a wand of paralysis (6)
 T - a wand of iceblast (6)
Scrolls
 b - 2 scrolls of fog
 h - a scroll of noise
 j - 3 scrolls of immolation
 p - 2 scrolls of amnesia
 s - a scroll of vulnerability
 t - a scroll of poison {unknown}
Potions
 e - a potion of enlightenment
 k - a potion of cancellation
 m - a potion of brilliance
 n - 2 potions of resistance
 R - a potion of mutation
 U - a potion of magic


   Skills:
 * Level 7.2 Fighting
 * Level 7.3(7.9) Axes
 + Level 4.1(5.9) Polearms
 * Level 6.3 Armour
 * Level 5.9 Dodging
 + Level 4.1 Stealth
 + Level 3.5 Spellcasting
 + Level 2.2 Alchemy
 + Level 5.3 Evocations


You had 2 spell levels left.
You knew the following spells:

 Your Spells              Type           Power      Damage    Failure   Level
a - Necrotise             Necr           8%         1d4       24%         1
b - Sting                 Conj/Alch      16%        1d4       16%         1
c - Ensorcelled Hibernat  Hex/Ice        4%         N/A       34%         2
d - Call Canine Familiar  Summ           2%         N/A       56%         3
g - Apportation           Tloc           4%         N/A       24%         1
s - Swiftness             Air            2%         N/A       56%         3
w - Passwall              Erth           2%         N/A       56%         3

Your spell library contained the following spells:

 Spells                   Type           Power      Damage    Failure   Level
 Freeze                   Ice            8%         1d3       24%         1
 Magic Dart               Conj           8%         1d3       24%         1
 Summon Small Mammal      Summ           8%         N/A       24%         1
 Searing Ray              Conj           4%         2d4       34%         2
 Frozen Ramparts          Ice            4%         1d1       56%         3
 Hailstorm                Conj/Ice       2%         3d5       56%         3
 Sigil of Binding         Hex            2%         N/A       56%         3
 Fulminant Prism          Conj/Alch      2%         3d5       83%         4
 Dimensional Bullseye     Hex/Tloc       1%         N/A       93%         4


Dungeon Overview and Level Annotations

Branches:
Dungeon (10/15)            Temple (1/1) D:7             Orc (0/2) D:9
   Lair: D:8-11

Altars:
Ashenzari
Cheibriados
Dithmenos
Elyvilon
Fedhas
Gozag
Hepliaklqana
Kikubaaqudgha
Makhleb
Nemelex Xobeh
Okawaru
Qazlal
Ru
Sif Muna
Trog
Uskayaw
Vehumet
Wu Jian
Xom
Yredelemnul
Zin
The Shining One

Shops:
D:6 [

Portals:
Bailey: D:10

Annotations:
D:10 Joseph


Innate Abilities, Weirdness & Mutations

You can wield a second weapon in your off-hand.
It takes a long time for you to wield or remove held weapons.
Your first few attacks do less damage.
You cannot equip rings or amulets.
You occasionally lose the ability to drink potions when taking damage.
Your health recovers twice as slowly from being drained.


Message History

Your +0 hand axe of chaos {Paramjit} glows red for a moment.
Joseph hits you with a +0 quarterstaff.
* * * LOW HITPOINT WARNING * * *
As you read the scroll labelled KUVUAGG BEWAORGH, it crumbles to dust.
It is a scroll of brand weapon.
Your +0 war axe drips with poison.
C - a +0 war axe of venom Joseph closely misses you.
Joseph barely misses you.
As you read the scroll labelled NUAGU FIHOETYE, it crumbles to dust.
It is a scroll of enchant armour.
Your +0 pair of boots of flying glows green for a moment.
Joseph hits you but does no damage.
As you read the scroll of fear, it crumbles to dust.
You assume a fearsome visage.
Joseph is unaffected.
Joseph is no longer weakened.
Joseph completely misses you. Joseph hits you with a +0 quarterstaff.
* * * LOW HITPOINT WARNING * * *
You take 2 damage, and have 19/79 hp.
You hit Joseph with your +1 hand axe of chaos.
You drain Joseph.
Joseph is moderately wounded.
You hit Joseph with your +2 trident of freezing.
You freeze Joseph.
Joseph hits you with a +0 quarterstaff!!
* * * LOW HITPOINT WARNING * * *
Xom roars with laughter!
An electric eel comes into view.
You take 18 damage, and have 1/79 hp.
MASSIVE DAMAGE!!
You hit Joseph with your +2 trident of freezing.
You freeze Joseph.
Joseph is heavily wounded.
You closely miss Joseph with your +1 hand axe of chaos.
Joseph closely misses you.
The electric eel shoots out a bolt of lightning at you!
The bolt of electricity misses you. Joseph hits you but does no damage.
You hit Joseph but do no damage.
Joseph is heavily wounded.
You puncture Joseph with your +2 trident of freezing!
You freeze Joseph. Joseph hits you with a +0 quarterstaff!
You die...

,,,,,~~~~~,.##.##)...........***
,,,,,~~~~~.##..##..........#**,*
,,,,,~~~≈S...........####.####,**
,,,,*****#...........#≈~..~~≈#,.#
,,,,,,,,,.........##.#≈~....~#...
,,,,,****#....^#..#..#..§§§..#...
**,,,~~~~~.....#..).....§§§.....*
,*,,,~~~~~.##..#.....#~§§§§.~#,,,
,,,,,~~~~~......@@...#≈~.§.~~#,,*
,*,,,,~~~..[.........#≈≈~.~~≈#,.*
*,,,,,~~~............####.####.##
*,,,,,~~~.......................#
,,,,,,,~.......................##
,,,,,,,,..........<......<.....##
,,,,,,,,,.......................#
,,,,,,,,,##........#............#
,,,,,,,,**#........#.............


You could see an electric eel and the neutral Joseph (fast, strong, frenzied,
drained).

Vanquished Creatures
  A two-headed ogre (D:8)
  Pikel (D:7)
  A shadow (D:8)
  2 wyverns (D:9)
  2 yaks (D:10)
  Grum (D:8)
  3 steam dragons
  2 water moccasins
  Duvessa (D:7)
  4 orc warriors
  A sky beast (D:8)
  A black bear (D:7)
  An ogre (D:6)
  4 wolves (D:8)
  A boggart (shapeshifter) (D:4)
  A centaur (D:6)
  A phantom (D:4)
  A kobold brigand (D:7)
  A gnoll sergeant (D:10)
  4 bullfrogs
  6 scorpions
  3 wights (D:9)
  Dowan (D:7)
  An electric eel (D:10)
  4 howler monkeys
  A lava snake (D:9)
  A hound (D:6)
  2 orc priests
  A jelly (D:6)
  2 sleepcaps
  2 iguanas (D:5)
  13 orc wizards
  13 gnolls
  A river rat (D:10)
  8 adders
  2 shadow imps (D:6)
  A white imp (D:7)
  A dart slug (D:2)
  A ribbon worm (D:2)
  44 orcs
  4 ball pythons
  5 endoplasms
  3 giant cockroaches
  10 goblins
  12 hobgoblins
  4 quokkas
  8 bats
  3 frilled lizards
  10 kobolds
  3 rats
204 creatures vanquished.

Vanquished Creatures (collateral kills)
  4 yaks (D:10)
4 creatures vanquished.

Vanquished Creatures (others)
  A wraith (D:9)
  4 orcs
5 creatures vanquished.

Grand Total: 213 creatures vanquished

Notes
Turn   | Place    | Note
-------+----------+-------------------------------------------
     0 | D:1      | ezpacito the Coglin Chaos Knight began the quest for the
                  | Orb.
     0 | D:1      | Reached XP level 1. HP: 18/18 MP: 1/1
    32 | D:1      | XOM: divination: magic mapping
   177 | D:1      | Reached skill level 1 in Dodging
   189 | D:1      | Reached XP level 2. HP: 24/24 MP: 2/2
   286 | D:1      | XOM: divination: magic mapping
   699 | D:2      | Reached XP level 3. HP: 27/29 MP: 3/3
   906 | D:2      | XOM: cloud trail
  1247 | D:3      | Reached XP level 4. HP: 35/35 MP: 4/4
  1256 | D:3      | Reached skill level 1 in Stealth
  1263 | D:3      | Reached XP level 5. HP: 40/41 MP: 5/5
  1440 | D:3      | Reached skill level 1 in Polearms
  1616 | D:3      | Reached XP level 6. HP: 46/48 MP: 7/7
  2072 | D:4      | XOM: 1-stop teleportation journey
  2116 | D:4      | XOM: noise
  2221 | D:4      | Found a white marble altar of Elyvilon.
  2223 | D:4      | Found an iron altar of Okawaru.
  2223 | D:4      | Found an ornate altar of the Wu Jian Council.
  2224 | D:4      | Found a burning altar of Makhleb.
  2226 | D:4      | Found a blossoming altar of Fedhas.
  2228 | D:4      | Found a glowing golden altar of the Shining One.
  2312 | D:4      | Reached skill level 1 in Spellcasting
  2628 | D:5      | XOM: stealth player
  2628 | D:5      | Entered Level 5 of the Dungeon
  2628 | D:5      | a scorpion changed into a glowing shapeshifter
  2628 | D:5      | Noticed a glowing shapeshifter (glowing shapeshifter)
  2628 | D:5      | XOM: polymorph scorpion -> glowing shapeshifter
  2629 | D:5      | a glowing shapeshifter changed into a boggart
  2702 | D:4      | Reached skill level 1 in Evocations
  2702 | D:4      | Reached XP level 7. HP: 27/54 MP: 8/8
  2825 | D:5      | Identified the +4 robe "Sihuim" {rF+++}
  2862 | D:5      | XOM: noise
  2863 | D:5      | XOM: scenery: summon butterflies
  3096 | D:5      | XOM: polymorph ogre -> scorpion
  3432 | D:5      | XOM: noise
  3545 | D:5      | XOM: give mutations
  3545 | D:5      | Gained mutation: You occasionally lose the ability to drink
                  | potions when taking damage. [Xom's mischief]
  3545 | D:5      | Gained mutation: Your health recovers twice as slowly from
                  | being drained. [Xom's mischief]
  3624 | D:6      | XOM: summons 4 friendly demons
  3643 | D:6      | Reached XP level 8. HP: 42/61 MP: 10/10
  3860 | D:6      | Found a hazy altar of Hepliaklqana.
  3902 | D:6      | Found Qaehi's Armour Shop.
  3907 | D:6      | Reached skill level 5 in Axes
  3910 | D:6      | Reached skill level 5 in Fighting
  3949 | D:6      | Bought a +0 pair of boots of flying for 172 gold pieces
  3972 | D:6      | XOM: cloud trail
  4134 | D:6      | XOM: confuse monster(s)
  4423 | D:7      | Noticed Pikel
  4429 | D:7      | XOM: fake destruction
  4432 | D:7      | Killed Pikel
  4433 | D:7      | Reached XP level 9. HP: 43/68 MP: 12/12
  4742 | D:7      | XOM: enchant monster (good)
  4831 | D:7      | Noticed Dowan
  4831 | D:7      | Noticed Duvessa
  4852 | D:7      | Killed Duvessa
  4853 | D:7      | Reached skill level 5 in Armour
  4861 | D:7      | Killed Dowan
  4930 | D:7      | XOM: 4-stop teleportation journey
  5079 | D:7      | Found a staircase to the Ecumenical Temple.
  5088 | Temple   | Entered the Ecumenical Temple
  5297 | D:7      | XOM: cast spell 'Summon Small Mammal'
  5494 | D:7      | XOM: noise
  5606 | D:8      | XOM: butterfly on damage
  5780 | D:8      | XOM: god gift: glowing quarterstaff {god gift}
  5793 | D:8      | XOM: destruction
  5797 | D:8      | XOM: 1-stop teleportation journey
  5839 | D:8      | XOM: confuse monster(s)
  5847 | D:8      | Reached skill level 5 in Dodging
  5849 | D:8      | Learned a level 1 spell: Necrotise
  5851 | D:8      | Learned a level 1 spell: Sting
  5854 | D:8      | Learned a level 2 spell: Ensorcelled Hibernation
  5856 | D:8      | Learned a level 1 spell: Apportation
  5860 | D:8      | Learned a level 3 spell: Call Canine Familiar
  5864 | D:8      | Learned a level 3 spell: Passwall
  5868 | D:8      | Learned a level 3 spell: Swiftness
  6034 | D:8      | XOM: 1-stop teleportation journey
  6057 | D:8      | Reached XP level 10. HP: 76/76 MP: 14/14
  6464 | D:8      | Noticed Grum
  6467 | D:8      | XOM: potion effect (might)
  6473 | D:8      | XOM: enchant monster (good)
  6480 | D:8      | Killed Grum
  6539 | D:8      | XOM: god gift: runed long sword {god gift}
  6664 | D:8      | Noticed a two-headed ogre
  6671 | D:8      | Killed a two-headed ogre
  6672 | D:8      | Reached skill level 1 in Alchemy
  6867 | D:9      | XOM: fake destruction
  6884 | D:9      | XOM: polymorph gnoll sergeant -> scorpion
  6895 | D:9      | XOM: confuse monster(s)
  6960 | D:9      | XOM: summons 7 friendly demons
  6964 | D:9      | Reached skill level 5 in Evocations
  6990 | D:9      | XOM: god gift: ring of Shadows {Umbra +Inv Stlth+}
  6991 | D:9      | Found the ring of Shadows {Umbra +Inv Stlth+}
  7114 | D:9      | XOM: divine lightning
  7159 | D:9      | XOM: enchant monster (good)
  7454 | D:9      | Found a staircase to the Orcish Mines.
  7585 | D:9      | XOM: stat loss: -1 Dex (12/13)
  7601 | D:9      | Found a sacrificial altar of Ru.
  7623 | D:10     | Entered Level 10 of the Dungeon
  7631 | D:10     | Noticed Joseph
  7638 | D:10     | XOM: summons 10 friendly demons
  7682 | D:10     | XOM: polymorph wolf -> river rat
  7732 | D:10     | Found a broken altar of Ashenzari.
  7734 | D:10     | XOM: god gift: sling {god gift}
  7747 | D:10     | Found a flagged portal.
  7754 | D:10     | XOM: scenery: 3 doors close
  7815 | D:10     | Identified a scroll of acquirement
  7815 | D:10     | Acquired a +2 broad axe of electrocution
  7822 | D:10     | HP: 1/79 [Joseph/+0 quarterstaff (18)]
  7824 | D:10     | Mangled by Joseph

Illustrated notes

Levels and vault maps discovered:
D:1:      minmay_arrival_radiant_lines, layout_loops_ring
D:2:      wander_river, layout_rooms, minmay_misc_feat_cross
D:3:      layout_rooms, grunt_ministairs_6
D:4:      layout_basic, grunt_temple_overflow_open,
          chequers_serial_rivers_room_a, small_statue_intersection
D:5:      layout_basic
D:6:      layout_basic, lemuel_crystal_altar, serial_shops, shop,
          hangedman_decor_growths, uniq_prince_ribbit1
D:7:      layout_loops_ring, minmay_temple_entry_statues_pillars,
          roderic_lattice_a, uniq_duvessa, uniq_pikel
D:8:      layout_cave_pods, minivault_22, st_stairs_10, uniq_grum
D:9:      layout_rooms, nicolae_ru_path_of_blood, orc_0_dummy,
          kennysheep_generic_room_5
D:10:     layout_cave_pools, mainiacjoe_overflow_brackets, serial_ice,
          serial_ice_a, serial_ice_l, serial_ice_m, serial_ice_c,
          enter_bailey_4, uniq_joseph
Temple:   cyrus_circular_temple

Skill      XL: |  1  2  3  4  5  6  7  8  9 10 |
---------------+-------------------------------+-----
Armour         | 2 3 4 5 6 |  6.3
Dodging        | 1 2 3 4 5 |  5.9
Stealth        | 1 2 3 4 |  4.1
Polearms       | 1 2 3 4 |  4.1
Spellcasting   | 1 2 3 |  3.5
Fighting       | 4 5 6 7 |  7.2
Axes           | 4 5 6 7 |  7.3
Evocations     | 1 2 3 4 5 |  5.3
Alchemy        | 2 |  2.2

Action                     |  1- 3 |  4- 6 |  7- 9 | 10-12 || total
---------------------------+-------+-------+-------+-------++-------
  Melee: Hand axe          |    65 |   100 |   169 |   108 ||   442
         Dagger            |    43 |       |       |       ||    43
         Spear             |    24 |    75 |       |       ||    99
         Trident           |       |    41 |   198 |   118 ||   357
  Evoke: Wand              |       |       |       |     4 ||     4
    Use: Potion            |     2 |     1 |     4 |     5 ||    12
         Scroll            |       |     6 |     2 |    15 ||    23
   Stab: Sleeping          |     1 |     1 |     2 |     1 ||     5
         Confused          |       |       |     2 |     1 ||     3
         Distracted        |       |       |     1 |     1 ||     2
         Invisible         |       |       |     1 |       ||     1
         Petrified         |       |       |       |    11 ||    11
         Paralysed         |       |       |       |     1 ||     1
 Armour: Leather armour    |    15 |       |       |       ||    15
         Chain mail        |    21 |   103 |    12 |       ||   136
         Skin              |     8 |    24 |       |       ||    32
         Robe              |       |       |   117 |   155 ||   272
  Dodge: Dodged            |    29 |    40 |    97 |   120 ||   286

Table legend: (Time is in decaauts)
 A = Elapsed time spent in this place.
 B = Non-inter-level travel time spent in this place.
 C = Inter-level travel time spent in this place.
 D = Time resting spent in this place.
 E = Time spent auto-exploring this place.
 F = Levels seen in this place.
 G = Mean time per level.
                   A        B        C        D        E       F      G
               +--------+--------+--------+--------+--------+-----+--------+
         Total |   7867 |   7645 |    222 |    659 |   5503 |  11 |  715.2 |
       Dungeon |   7865 |   7644 |    221 |    659 |   5503 |  10 |  786.5 |
        Temple |      1 |      1 |      0 |      0 |      0 |   1 |    1.0 |
               +--------+--------+--------+--------+--------+-----+--------+

Top non-repeatable levels by time:
     D:8: 1273 daAuts
     D:7: 1226 daAuts
     D:4: 928 daAuts
     D:5: 810 daAuts
     D:6: 763 daAuts
     D:9: 754 daAuts
     D:3: 673 daAuts
     D:1: 644 daAuts
     D:2: 593 daAuts
    D:10: 199 daAuts
  Temple: 1 daAuts
